 Dungeon Crawl Stone Soup version 0.22.1-1-ga44c0e5 (webtiles) character file.

267 empire the Covered (level 6, -4/55 HPs)
             Began as a Minotaur Fighter on Oct 26, 2018.
             Slain by an ogre
             ... wielding a +0 giant club
              (18 damage)
             ... on level 4 of the Dungeon.
             The game lasted 00:04:22 (3159 turns).

empire the Covered (Minotaur Fighter)               Turns: 3159, Time: 00:04:23

Health: -4/55      AC: 13    Str: 20    XL:     6   Next: 0%
Magic:  5/5        EV:  4    Int:  6    God:
Gold:   208        SH:  9    Dex: 11    Spells: 5/5 levels left

rFire    . . .     SeeInvis .   a - +0 long sword
rCold    . . .     Gourm    .   c - +0 shield
rNeg     . . .     Faith    .   o - +0 plate armour
rPois    .         Spirit   .   (helmet restricted)
rElec    .         Reflect  .   w - +0 cloak
rCorr    .         Harm     .   (no gloves)
MR       .....                  (no boots)
Stlth    ..........             (no amulet)
HPRegen  0.18/turn              (no ring)
MPRegen  0.09/turn              (no ring)

@: no status effects
A: retaliatory headbutt, horns 2
a: no special abilities


You were on level 4 of the Dungeon.
You were hungry.

You visited 1 branch of the dungeon, and saw 4 of its levels.

You collected 208 gold pieces.

Inventory:

Hand Weapons
 a - a +0 long sword (weapon)
 v - a +2 quarterstaff of chaos
Armour
 c - a +0 shield (worn)
 o - a +0 plate armour (worn)
 w - a +0 cloak (worn)
Jewellery
 q - an uncursed ring of poison resistance {unknown}
 u - an uncursed amulet of faith {unknown}
Wands
 s - a wand of enslavement (15)
Scrolls
 g - 6 scrolls of identify {unknown}
 h - 5 scrolls of remove curse {unknown}
 j - a scroll of fog {unknown}
 l - a scroll of amnesia {unknown}
 n - a scroll of enchant weapon {unknown}
 p - a scroll of enchant armour {unknown}
 r - a scroll of blinking {unknown}
 t - a scroll of magic mapping {unknown}
Potions
 b - 3 potions of curing {unknown}
 d - 2 potions of might
 e - a potion of haste {unknown}
 i - a potion of flight {unknown}
 k - 2 potions of brilliance {unknown}
 m - a potion of lignification {unknown}
Comestibles
 f - 5 rations


   Skills:
 + Level 4.8 Fighting
 * Level 4.9 Long Blades
 * Level 5.3 Armour
 + Level 4.6 Shields


You had 5 spell levels left.
You didn't know any spells.
Your spell library was empty.

Dungeon Overview and Level Annotations

Branches:
Dungeon (4/15)
 Temple: D:4-7

Altars:
Ashenzari
Gozag
Nemelex Xobeh
Ru
Xom


Innate Abilities, Weirdness & Mutations

You reflexively headbutt those who attack you in melee.
You have a pair of horns on your head.


Message History

The ogre is moderately wounded.
You block the ogre's attack.
You hit the ogre.
The ogre is moderately wounded.
The ogre hits you with a giant club.
You slash the ogre!
The ogre is severely wounded.
The ogre hits you with a giant club!!
You closely miss the ogre.
The ogre is severely wounded.
The ogre barely misses you.
You riposte.
You barely miss the ogre.
The ogre is severely wounded.
You hit the ogre.
The ogre is severely wounded.
The ogre hits you with a giant club!!
* * * LOW HITPOINT WARNING * * *
You hit the ogre.
The ogre is almost dead.
The ogre hits you with a giant club!!
You die...

##### #...########
##### #..........#
##...#
#..@######.####.....
#....O..#
#..........
#.##.##.#
######..... #. .. .#
##...# # ### # ##.##
#.# #.## #..# ##.#


You could see an ogre.

Vanquished Creatures
  A phantom (D:4)
  Crazy Yiuf (D:3)
  4 adders
  3 oozes
  4 worms
  2 dart slugs
  A leopard gecko (D:4)
  An orc (D:3)
  3 ball pythons (D:2)
  7 bats
  7 giant cockroaches
  11 goblins
  8 hobgoblins
  9 jackals (D:3)
  5 kobolds
  A quokka (D:3)
  5 frilled lizards
  8 rats
81 creatures vanquished.

Vanquished Creatures (others)
  An ogre (D:4)
  A hound (D:4)
2 creatures vanquished.

Grand Total: 83 creatures vanquished

Notes
Turn   | Place    | Note
-------+----------+-------------------------------------------
     0 | D:1      | empire the Minotaur Fighter began the quest for the Orb.
     0 | D:1      | Reached XP level 1. HP: 19/19 MP: 0/0
   156 | D:1      | Reached XP level 2. HP: 27/27 MP: 1/1
   397 | D:1      | Reached skill level 4 in Armour
   643 | D:2      | Reached XP level 3. HP: 33/33 MP: 2/2
   761 | D:2      | Found a shattered altar of Ashenzari.
  1428 | D:3      | Found a runed door.
  1476 | D:3      | Reached XP level 4. HP: 36/40 MP: 3/3
  1914 | D:3      | Found a shimmering altar of Xom.
  2395 | D:3      | Found an opulent altar of Gozag.
  2424 | D:3      | Found a sacrificial altar of Ru.
  2480 | D:3      | Noticed Crazy Yiuf
  2487 | D:3      | Killed Crazy Yiuf
  2487 | D:3      | Reached XP level 5. HP: 31/47 MP: 4/4
  2739 | D:4      | Found a sparkling altar of Nemelex Xobeh.
  2798 | D:4      | Noticed an ogre
  2799 | D:4      | Noticed a phantom
  2800 | D:4      | Found a shimmering altar of Xom.
  2859 | D:4      | Killed a phantom
  2859 | D:4      | Reached skill level 5 in Armour
  2859 | D:4      | Reached XP level 6. HP: 27/55 MP: 5/5
  3159 | D:4      | Slain by an ogre

Skill      XL: |  1  2  3  4  5 |
---------------+----------------+-----
Long Blades    | 3 4 |  4.9
Armour         | 4 5 |  5.3
Shields        | 4 |  4.6
Fighting       | 4 |  4.8

Action                   |  1- 3 |  4- 6 || total
-------------------------+-------+-------++-------
Melee: Long sword        |    96 |   154 ||   250
       Headbutt          |    14 |    21 ||    35
  Eat: Chunk             |     2 |     5 ||     7
Armor: Scale mail        |    46 |       ||    46
       Plate armour      |     8 |    95 ||   103
Dodge: Dodged            |    26 |    21 ||    47
Block: Shield            |    47 |    76 ||   123
       Rpst.: Long sword |     7 |    10 ||    17
